[Event "*** Titled Tuesday Blitz"]
[Site "Chess.com"]
[Date "2021.04.06"]
[Round "1"]
[White "Sadykov_Ramil"]
[Black "Joseacorrea"]
[Result "1-0"]
[WhiteElo "2503"]
[BlackElo "2086"]
[TimeControl "180+1"]
[EndTime "10:07:03 PDT"]
[Termination "Sadykov_Ramil won by resignation"]

1. e4 c5 2. Nf3 Nc6 3. Bb5 Nd4 4. Nxd4 cxd4 5. O-O g6 6. d3 Bg7 7. Nd2 a6 8. Bc4 d6 9. Bb3 Nf6 10. h3 O-O 11. f4 Qc7 12. Nf3 e5 13. Qe1 Be6 14.
fxe5 dxe5 15. Qh4 Bxb3 16. cxb3 Rfe8 17. Bg5 Nd7 18. Rac1 Qd6 19. Rc2 Rac8 20. Rcf2 Nc5 21. Ne1 Rc7 22. Bf6 Re6 23. Bxg7 Kxg7 24. b4 Na4 25. Nf3 h6 26. a3 Nb6 27. Qg3 Rce7 28.
h4 Nd7 29. h5 Nf8 30. Nh4 Kh7 31. Rxf7+ Rxf7 32. Rxf7+ Kg8 33. hxg6 Nxg6 34. Rxb7 Kf8 35.
Qf3+ Rf6 36. Nxg6+ 1-0

[Event "*** Titled Tuesday Blitz"]
[Site "Chess.com"]
[Date "2021.04.06"]
[Round "1"]
[White "Steven_Rojas"]
[Black "evgchess5"]
[Result "0-1"]
[WhiteElo "2461"]
[BlackElo "2932"]
[TimeControl "180+1"]
[EndTime "10:07:04 PDT"]
[Termination "evgchess5 won by checkmate"]

1. c4 c5 2. Nf3 Nc6 3. e3 Nf6 4. Nc3 e6 5. d4 d5 6. cxd5 exd5 7. Bb5 Bd6 8. dxc5 Bxc5 9. O-O O-O 10. b3 Qd6 11. h3 a6 12. Bxc6 bxc6 13. Bb2 Re8 14. Rc1 Ba7 15. Qc2 c5 16. Rfd1 Bb7 17. Qf5 Qe6 18.
Qf4 h6 19. Ba1 Rac8 20. Ne2 Ne4 21. Qh4 g5 22. Qh5 Bb8 23. h4 g4 24. Ne1 Nxf2 25.
Kxf2 Qxe3+ 26. Kf1 Qxe2+ 27. Kg1 Qe3+ 28. Kh1 Qg3 29.
Kg1 Re2 30. Qxh6 Qf2+ 31. Kh1 Qf1# 0-1

[Event "*** Titled Tuesday Blitz"]
[Site "Chess.com"]
[Date "2021.04.06"]
[Round "1"]
[White "SergioGarciaFuentes"]
[Black "PchelkinVK"]
[Result "1-0"]
[WhiteElo "2319"]
[BlackElo "2590"]
[TimeControl "180+1"]
[EndTime "10:07:04 PDT"]
[Termination "SergioGarciaFuentes won by resignation"]

1. Nf3 d5 2. g3 Nc6 3. d4 Bg4 4.
Bg2 Qd7 5. O-O O-O-O 6. c4 e6 7. Nc3 Bxf3 8. Bxf3 Nf6 9. Bg5 Be7 10. Bxf6 Bxf6 11.
e3 Ne7 12. Rc1 Kb8 13. Qb3 b6 14. Rfd1 h5 15. cxd5 Nxd5 16. Ne4 Be7 17. Nc5 Qc8 18. e4 Nf6 19. Qb5 c6 20. Na6+ Kb7 21. Qa4 h4 22.
Rc3 hxg3 23. hxg3 Rd7 24. Rdc1 Rc7 25. Nxc7 Qxc7 26. Rxc6 Qd7 27. e5 Nd5 28. Rc7+ Qxc7 29.
Rxc7+ Kxc7 30. Bxd5 exd5 31. Qxa7+ Kd8 32. Qb8+ 1-0

[Event "*** Titled Tuesday Blitz"]
[Site "Chess.com"]
[Date "2021.04.06"]
[Round "1"]
[White "Kostya_Nikologorskiy"]
[Black "Diaschess88"]
[Result "1-0"]
[WhiteElo "2669"]
[BlackElo "2355"]
[TimeControl "180+1"]
[EndTime "10:07:05 PDT"]
[Termination "Kostya_Nikologorskiy won on time"]

1. c4 c6 2. Nc3 d5 3. d4 Nf6 4. Nf3 e6 5. e3 Nbd7 6. Qc2 Bd6 7. g4 Nxg4 8. Rg1 f5 9. h3 Nh6 10. Rxg7 Qf6 11. Rg1 Nf7 12. Bd2 Qe7 13. O-O-O Nf6 14.
cxd5 exd5 15. Kb1 Ne4 16. Be1 Be6 17. Rc1 Kf8 18. Ne2 Rg8 19. Rxg8+ Kxg8 20. Nf4 Bd7 21.
Bd3 Kh8 22. Bc3 Rg8 23. h4 Rg4 24. Nh3 Kg8 25. Qb3 b6 26. Be1 a5 27. Nd2 Bb4 28.
Nxe4 fxe4 29. Be2 Rxh4 30. Nf4 Kf8 31. a3 Bxe1 32. Rxe1 b5 33. Rg1 Ng5 34. Qc3 a4 35. Qa5 Kf7 36. Qc7 h6 37. Bh5+ Kf6 38. Qe5+ Qxe5 39.
dxe5+ Kg7 40. e6 1-0

[Event "*** Titled Tuesday Blitz"]
[Site "Chess.com"]
[Date "2021.04.06"]
[Round "1"]
[White "Artyom_ChessMate"]
[Black "kamilianin235"]
[Result "0-1"]
[WhiteElo "2539"]
[BlackElo "2252"]
[TimeControl "180+1"]
[EndTime "10:07:05 PDT"]
[Termination "kamilianin235 won on time"]

1. e4 c5 2. Nc3 a6 3. g3 b5 4. Bg2 Bb7 5. d3 e6 6. Nh3 g6 7. O-O Bg7 8. f4 Ne7 9. Be3 d6 10. Qe2 O-O 11. Rae1 Qc7 12. g4 d5 13. Nd1 c4 14. f5 cxd3 15. cxd3 Be5 16. f6 Nec6 17.
Bf4 Nd7 18. g5 Nd4 19. Qf2 Nc2 20. Qh4 h5 21. gxh6 Qb6+ 22. Kh1 Bxf6 23. h7+ Kh8 24. Bg5 Bxg5 25. Nxg5 Nxe1 26. Nxf7+ Rxf7 27. Rxf7 Nxg2 28. Qh6 Qd4 29. Rxd7 Bc6 30. Rc7 dxe4 31. Rxc6 exd3 32. Rxe6 Nf4 33. Re7 Qd5+ 0-1

[Event "*** Titled Tuesday Blitz"]
[Site "Chess.com"]
[Date "2021.04.06"]
[Round "1"]
[White "Twitch_ElhamBlitz05"]
[Black "ZarinaShafigullina"]
[Result "1-0"]
[WhiteElo "2839"]
[BlackElo "2436"]
[TimeControl "180+1"]
[EndTime "10:07:06 PDT"]
[Termination "Twitch_ElhamBlitz05 won by resignation"]

1. e4 c5 2. Nf3 d6 3. d4 cxd4 4. Nxd4 Nf6 5. Nc3 a6 6. Bc4 e5 7. Nf3 b5 8. Bb3 Bg4 9. O-O Nc6 10. Be3 Be7 11. h3 Bh5 12. Nd5 O-O 13. Nxf6+ Bxf6 14. c3 Rc8 15. Qe2 Na5 16. Rad1 Nc4 17. Bc1 Qb6 18.
Qd3 Rfd8 19. Rde1 Qc5 20. Bd1 Bg6 21. b3 Nb6 22. Be3 Qc6 23. Qd2 Nd7 24. Ng5 Qxc3 25.
Qxd6 Nc5 26. Qb6 Nxe4 27. Nxe4 Bxe4 28. Bg4 Rc6 29. Qa7 Bd3 30. Rc1 Bxf1 31. Rxc3 Rxc3 32. Kxf1 Rc6 33. Qb7 Rcd6 34. g3 e4 35. Qxe4 Bc3 36.
Kg2 b4 37. Qb7 h6 38. Be2 a5 39. Bc4 R8d7 40. Qf3 Rd1 41. Bxf7+ 1-0

[Event "*** Titled Tuesday Blitz"]
[Site "Chess.com"]
[Date "2021.04.06"]
[Round "1"]
[White "Tsyhanchuk_Stanislav"]
[Black "gisela_roque"]
[Result "1-0"]
[WhiteElo "2479"]
[BlackElo "1755"]
[TimeControl "180+1"]
[EndTime "10:07:06 PDT"]
[Termination "Tsyhanchuk_Stanislav won by checkmate"]

1. e4 e6 2. d4 d5 3. Nc3 Nf6 4. Bg5 dxe4 5. Nxe4 Be7 6. Bxf6 gxf6 7. Nf3 b6 8. Bd3 Bb7 9. O-O c6 10. Qe2 Qc7 11. c4 Nd7 12. a3 O-O-O 13. b4 h5 14. c5 b5 15. a4 a6 16. axb5 cxb5 17. Nc3 Rhg8 18. Bxb5 Rg4 19. Bxa6 Rdg8 20. g3 h4 21. Nb5 Qb8 22. Bxb7+ Qxb7 23. c6 Qb8 24. cxd7+ Kxd7 25. Kh1 hxg3 26. fxg3 Rh8 27. Rg1 Rxg3 28. Rxg3 Qxg3 29. Ra7+ Ke8 30. Ra8+ Bd8 31. Qg2 Qf4 32. Ra1 Kf8 33.
Qg3 Qe3 34. Rg1 Rh6 35. Qd6+ Ke8 36. Rg8# 1-0

[Event "*** Titled Tuesday Blitz"]
[Site "Chess.com"]
[Date "2021.04.06"]
[Round "1"]
[White "Mikhail_Golubev"]
[Black "Grineva_Marianna"]
[Result "1-0"]
[WhiteElo "2560"]
[BlackElo "2241"]
[TimeControl "180+1"]
[EndTime "10:07:07 PDT"]
[Termination "Mikhail_Golubev won on time"]

1. e4 c5 2. Nf3 Nc6 3. Bb5 g5 4. Bxc6 dxc6 5. Nxg5 Nf6 6. d3 Rg8 7. Rg1 h6 8. Nf3 Bg4 9. h3 Bh5 10. g4 Bg6 11. Nbd2 e6 12. Qe2 Qc7 13. Nc4 b5 14. Nce5 Bh7 15. b3 Bd6 16. Bb2 Nd7 17. Nxd7 Qxd7 18.
O-O-O Bf4+ 19. Kb1 a5 20. d4 c4 21. bxc4 a4 22.
d5 b4 23. dxe6 Qxe6 24. Nd4 Qc8 25. Nf5 b3 26. axb3 axb3 27. cxb3 Qa6 28. Kc2 Qb6 29. Ra1 Rb8 30. Ra3 Qb4 31. Rd1 Kf8 32. Qf3 Bg5 33.
Ra4 1-0

[Event "*** Titled Tuesday Blitz"]
[Site "Chess.com"]
[Date "2021.04.06"]
[Round "1"]
[White "GMaka"]
[Black "Eltaj_Safarli"]
[Result "1/2-1/2"]
[WhiteElo "2466"]
[BlackElo "2896"]
[TimeControl "180+1"]
[EndTime "10:07:08 PDT"]
[Termination "Game drawn by repetition"]

1. d4 Nf6 2. Bg5 g6 3. e3 Bg7 4. Bd3 O-O 5. Nf3 d6 6. O-O c5 7. c3 Nc6 8. Nbd2 cxd4 9. cxd4 h6 10. Bh4 Bd7 11. Ne4 Nh5 12. Nxd6 g5 13. Nxg5 hxg5 14. Qxh5 f5 15. Bxg5 Be6 16. Nxb7 Qd5 17. Nc5 Bf7 18. Qh4 e5 19. Bf6 Bg6 20. Bxg7 Kxg7 21. Rac1 exd4 22. exd4 Rae8 23. Bc4 Qxd4 24. Qxd4+ Nxd4 25. Rfd1 Ne2+ 26. Kf1 Nf4 27. g3 Rc8 28. Ne6+ Nxe6 29. Bxe6 Rb8 30. Rc7+ Kh6 31. Bb3 Rb6 32. Rcd7 Rff6 33. f4 a5 34. R1d2 Be8 35. Rd8 Bb5+ 36. Kf2 a4 37. Bd1 Bc4 38.
Bxa4 Bxa2 39. b4 Bc4 40. b5 Rfe6 41. R2d7 Re2+ 42. Kf3 Rbe6 43. Rh8+ Kg6 44. Rg8+ Kh6 45. Rh8+ Kg6 46. Rg8+ Kf6 47. Rf8+ Kg6 48. Rg8+ 1/2-1/2

[Event "*** Titled Tuesday Blitz"]
[Site "Chess.com"]
[Date "2021.04.06"]
[Round "1"]
[White "MegaManMusic"]
[Black "Ermito2020"]
[Result "1/2-1/2"]
[WhiteElo "2236"]
[BlackElo "2539"]
[TimeControl "180+1"]
[EndTime "10:07:08 PDT"]
[Termination "Game drawn by repetition"]

1. d4 Nf6 2. c4 g6 3. Nc3 Bg7 4. e4 d6 5. Nf3 O-O 6. Be2 e5 7.
O-O Nc6 8. d5 Ne7 9. Ne1 Nd7 10.
Be3 f5 11. f3 f4 12. Bf2 g5 13. a4 a5 14. Nd3 b6 15. b4 axb4 16. Nxb4 Nf6 17. a5 bxa5 18. Nc6 Nxc6 19. dxc6 h5 20.
Nd5 Kh7 21. Be1 Nxd5 22. Qxd5 a4 23. Bb4 g4 24. Rfd1 g3 25. h3 Qf6 26. c5 Be6 27.
Qd3 Bb3 28. Rd2 dxc5 29. Bxc5 Qxc6 30. Bxf8 Rxf8 31. Qd7 Qc3 32. Re1 a3 33. Qd3 Qc5+ 34. Kh1 Be6 35. Ra1 a2 36. Qc2 Qb6 37. Bc4 Bxc4 38.
Qxc4 Qb1+ 39. Rd1 Rb8 40. Qxa2 Qb6 41. Rac1 c5 42. Qd5 Rc8 43. Qd6 Rc6 44. Qd7 Rc7 45. Qf5+ Qg6 46. Rd6 Qxf5 47. exf5 Bf8 48. Re6 c4 49.
Rxe5 c3 50. Re2 Ba3 51. Rcc2 Rd7 52. Re1 Bb2 53. f6 Kg6 54. Re6 Kf7 55. Re1 Kxf6 56. Kg1 Kf5 57. Kf1 Rd3 58. Ke2 Re3+ 59. Kd1 Rd3+ 60.
Ke2 Re3+ 61. Kd1 Rd3+ 62. Ke2 1/2-1/2

[Event "*** Titled Tuesday Blitz"]
[Site "Chess.com"]
[Date "2021.04.06"]
[Round "1"]
[White "GelmanAlexander"]
[Black "kekic76"]
[Result "1-0"]
[WhiteElo "2656"]
[BlackElo "2350"]
[TimeControl "180+1"]
[EndTime "10:07:09 PDT"]
[Termination "GelmanAlexander won by checkmate"]

1. d4 d6 2. Nc3 e5 3. Nf3 Nc6 4. dxe5 Nxe5 5. e4 Nf6 6. Bf4 Ng6 7. Be3 Be7 8. Qd2 O-O 9. O-O-O a6 10. h4 Ng4 11.
Bg5 b5 12. Nd5 Bxg5 13. hxg5 Be6 14. Nd4 Bxd5 15. exd5 Re8 16. g3 N4e5 17. f4 Nc4 18. Qh2 Nf8 19. Bd3 g6 20. Nf5 Ne3 21. Nh6+ Kg7 22.
Rde1 Qd7 23. f5 Re5 24. f6+ Kh8 25. Rxe3 Rxe3 26. Nf5 Rae8 27. Qh6 Re1+ 28. Rxe1 Rxe1+ 29. Kd2 Ne6 30. dxe6 fxe6 31. Qf8# 1-0

[Event "*** Titled Tuesday Blitz"]
[Site "Chess.com"]
[Date "2021.04.06"]
[Round "1"]
[White "blitzking1729"]
[Black "tteshan"]
[Result "1-0"]
[WhiteElo "2618"]
[BlackElo "2325"]
[TimeControl "180+1"]
[EndTime "10:07:09 PDT"]
[Termination "blitzking1729 won by resignation"]

1. c4 c5 2. Nf3 Nc6 3. g3 g6 4. Bg2 Bg7 5. O-O e6 6. Nc3 Nge7 7. a3 O-O 8. b4 cxb4 9. axb4 Nxb4 10. Ba3 Nbc6 11. d4 Re8 12. Nb5 d5 13. Nd6 Rf8 14.
cxd5 exd5 15. Rb1 b6 16. Qa4 Bd7 17. Qb3 Qb8 18. e3 Rd8 19. Rfc1 Be6 20. Nb5 Na5 21.
Qa4 Bf8 22. Nc7 Bd7 23. Qd1 Nc4 24. Bxe7 Qxc7 25. Bxd8 Qxd8 26. Nd2 Nxd2 27. Qxd2 Be6 28. e4 dxe4 29. Bxe4 Rc8 30. Rxc8 Qxc8 31. d5 Bf5 32. Bxf5 Qxf5 33. Rd1 Bd6 34. Qe3 Qd7 35. Re1 Kg7 36.
Qd4+ Kh6 37. Re4 Be7 38. Qe3+ Bg5 39. Rh4+ Kg7 40. Qxg5 h5 41. Rxh5 Qb5 42. Qh6+ Kf6 43.
Qh8+ Ke7 44. Re5+ Kd6 45. Qf6+ Kc5 46. d6+ 1-0

[Event "*** Titled Tuesday Blitz"]
[Site "Chess.com"]
[Date "2021.04.06"]
[Round "1"]
[White "klimkoj"]
[Black "northridgehawk"]
[Result "0-1"]
[WhiteElo "2590"]
[BlackElo "2319"]
[TimeControl "180+1"]
[EndTime "10:07:09 PDT"]
[Termination "northridgehawk won by resignation"]

1. d4 Nf6 2. Nf3 g6 3. c3 Bg7 4. g3 O-O 5. Bg2 d5 6. O-O c6 7. Nbd2 Nbd7 8. Re1 Re8 9. e4 dxe4 10. Nxe4 Nxe4 11.
Rxe4 Nf6 12. Re1 a5 13. Ne5 Be6 14. Nd3 a4 15. Nc5 Bc8 16. Nxa4 Nd7 17. Nc5 Nxc5 18. dxc5 Qa5 19. Be3 Be6 20. a4 Red8 21. Qc2 Rd7 22. b4 Qd8 23. Be4 Bd5 24. Bxd5 Rxd5 25. Rad1 e5 26. a5 Qd7 27. c4 Rxd1 28. Rxd1 Qg4 29. Rd6 Bf8 30. Rd2 h5 31. Kg2 e4 32. Qd1 Qf5 33. Rd7 h4 34. h3 hxg3 35. fxg3 Qf6 36. Qd4 Qf3+ 37. Kh2 Re8 38. Qd2 Re5 39. Qf2 Rf5 40. Rd2 Qh5 41. Qe2 Rf3 42. Bf4 Qf5 43. Rd8 g5 44. Qd2 gxf4 45. Qd6 fxg3+ 46. Kh1 Rf1+ 0-1

[Event "*** Titled Tuesday Blitz"]
[Site "Chess.com"]
[Date "2021.04.06"]
[Round "1"]
[White "MarkoPe"]
[Black "iamnotIM"]
[Result "1-0"]
[WhiteElo "2264"]
[BlackElo "2539"]
[TimeControl "180+1"]
[EndTime "10:07:09 PDT"]
[Termination "MarkoPe won by resignation"]

1. e4 e5 2. Nf3 Nf6 3. Nxe5 d6 4. Nf3 Nxe4 5. Nc3 Nxc3 6. dxc3 Be7 7. Be3 Nd7 8. Qd2 Nf6 9. O-O-O O-O 10. h4 c5 11. Kb1 Qa5 12. h5 Be6 13. a3 Ne4 14. Qe1 d5 15. Bd3 b5 16. Bxe4 dxe4 17. Ng5 Bxg5 18.
Bxg5 b4 19. cxb4 cxb4 20. Be7 Rfb8 21. Bxb4 Qa4 22. Qe3 a5 23. Bd6 Qc4 24. b3 a4 25.
Bxb8 Rxb8 26. Qd4 Qc8 27. Qxa4 Qc3 28. Qd4 Qc8 29. Qxe4 Rxb3+ 30. cxb3 Bf5 31. Rd8+ Qxd8 32. Qxf5 1-0

[Event "*** Titled Tuesday Blitz"]
[Site "Chess.com"]
[Date "2021.04.06"]
[Round "1"]
[White "Aleksey_Sorokin"]
[Black "Tekushka"]
[Result "1-0"]
[WhiteElo "2789"]
[BlackElo "2423"]
[TimeControl "180+1"]
[EndTime "10:07:10 PDT"]
[Termination "Aleksey_Sorokin won by resignation"]

1. d4 Nf6 2. c4 c5 3. d5 g6 4.
Nc3 Bg7 5. e4 d6 6. h3 O-O 7.
Nf3 e6 8. Bd3 Re8 9. O-O Na6 10.
a3 Nc7 11. Bf4 e5 12. Be3 h6 13. b4 b6 14. Re1 Nh7 15. Qd2 f5 16. Bxh6 f4 17. Bxg7 Kxg7 18. Be2 g5 19. Nh2 Nf6 20. Bg4 Rh8 21. f3 Rh4 22. bxc5 bxc5 23. Rab1 Nxg4 24. fxg4 Ba6 25. Nf3 Rh8 26. Nb5 Nxb5 27. cxb5 Bc8 28. a4 Bd7 29. Rb3 Kf6 30. Reb1 Qc7 31. a5 Rhb8 32. Qe1 c4 33. Rb4 Qxa5 34. h4 Qb6+ 35. Kf1 Rh8 36. Qf2 Qxf2+ 37. Kxf2 gxh4 38. Rxc4 Bxg4 39. Rc6 Rhd8 40. Nxh4 Rab8 41. Nf3 Ke7 42. Rh1 Rh8 43. Rc7+ Bd7 44. Rxh8 Rxh8 45. Rxa7 Rb8 46. Nh4 Rxb5 47. Nf5+ Kd8 48. Nxd6 Rb2+ 49. Kg1 Rb1+ 50. Kh2 Rb2 51. Nf7+ Ke8 52. Nxe5 Bb5 53. d6 Bf1 54. Ra8+ 1-0

[Event "*** Titled Tuesday Blitz"]
[Site "Chess.com"]
[Date "2021.04.06"]
[Round "1"]
[White "Titus369"]
[Black "catzapto"]
[Result "1-0"]
[WhiteElo "2499"]
[BlackElo "2062"]
[TimeControl "180+1"]
[EndTime "10:07:10 PDT"]
[Termination "Titus369 won by checkmate"]

1. e4 c5 2. Nf3 e6 3. d4 cxd4 4. Nxd4 Nf6 5. Nc3 Bb4 6. e5 Nd5 7. Qg4 g6 8. Bd2 Nxc3 9. bxc3 Be7 10. h4 Nc6 11. Nf3 Qc7 12. Qf4 d6 13. exd6 Bxd6 14.
Qf6 Be5 15. Nxe5 Qxe5+ 16. Qxe5 Nxe5 17. Bg5 O-O 18. O-O-O a6 19. h5 f6 20. Bf4 Ng4 21. Bg3 f5 22. hxg6 hxg6 23. f3 f4 24. Bh4 Ne3 25. Rd4 e5 26. Re4 Nxf1 27. Rxf1 Rf5 28.
Rfe1 g5 29. Bf2 Bd7 30. Rxe5 Raf8 31. Re7 R8f7 32. Bd4 Kf8 33. R7e2 Bc6 34. Rh1 Rb5 35. Rh8# 1-0

[Event "*** Titled Tuesday Blitz"]
[Site "Chess.com"]
[Date "2021.04.06"]
[Round "1"]
[White "kikydu96"]
[Black "Angry_Twin"]
[Result "0-1"]
[WhiteElo "2448"]
[BlackElo "2872"]
[TimeControl "180+1"]
[EndTime "10:07:11 PDT"]
[Termination "Angry_Twin won on time"]

1. e4 e5 2. Nf3 Nc6 3. Bc4 Bc5 4. d3 Nf6 5. O-O d6 6. c3 O-O 7. Bg5 h6 8. Bh4 Be6 9. Bb3 Bb6 10.
Nbd2 g5 11. Nxg5 hxg5 12. Bxg5 Kg7 13. Kh1 Qd7 14. f4 exf4 15. Rxf4 Nh7 16. Qh5 f6 17.
Bh6+ Kh8 18. Bxf8 Rxf8 19. d4 Bxb3 20. axb3 Qe8 21. Qh6 Rg8 22. Rxf6 Qe7 23. Raf1 Nd8 24. R6f3 Qg5 25. Qxg5 Nxg5 26. Rg3 c5 27. h4 Ngf7 28. Rxg8+ Kxg8 29. Nc4 cxd4 30. Nxb6 axb6 31. cxd4 Nc6 32.
d5 Nce5 33. Kh2 Kg7 34. Kg3 Nh6 35. Kf4 Kg6 36. Rc1 Nd3+ 0-1

[Event "*** Titled Tuesday Blitz"]
[Site "Chess.com"]
[Date "2021.04.06"]
[Round "1"]
[White "Ranindu2003"]
[Black "Marianov_Podstavnikov"]
[Result "0-1"]
[WhiteElo "2586"]
[BlackElo "2323"]
[TimeControl "180+1"]
[EndTime "10:07:11 PDT"]
[Termination "Marianov_Podstavnikov won by resignation"]

1. e4 e5 2. Nf3 Nc6 3. Bc4 Nf6 4. d3 Bc5 5. c3 a6 6. Bb3 d6 7. h3 O-O 8. Nbd2 Ba7 9. Nf1 h6 10. Ng3 Be6 11. Nh2 d5 12. Qf3 dxe4 13. dxe4 Na5 14. Bc2 Nh7 15. Ng4 Ng5 16. Bxg5 Qxg5 17. Nf5 Rad8 18.
O-O Rd2 19. Rac1 h5 20. Nge3 g6 21. h4 Qf4 22. Ne7+ Kg7 23. N7d5 Qxf3 24. gxf3 c6 25. Nb4 Bxe3 26. fxe3 Nc4 27. b3 Nxe3 28. Bb1 Nxf1 29. Rxf1 Rfd8 30. Bc2 Re2 31. Bd3 Re3 32. Bb1 Rd2 33. Rf2 Re1+ 34. Kg2 Rxf2+ 0-1

[Event "*** Titled Tuesday Blitz"]
[Site "Chess.com"]
[Date "2021.04.06"]
[Round "1"]
[White "2008king"]
[Black "davidkalashian"]
[Result "0-1"]
[WhiteElo "2213"]
[BlackElo "2543"]
[TimeControl "180+1"]
[EndTime "10:07:12 PDT"]
[Termination "davidkalashian won by resignation"]

1. e4 c5 2. Nf3 d6 3. d4 cxd4 4. Qxd4 Nc6 5. Bb5 Bd7 6. Qd3 g6 7. c4 Bg7 8. h3 Nf6 9. O-O O-O 10.
Nc3 Rc8 11. Rd1 a6 12. Bxc6 Bxc6 13. Be3 Nd7 14. Rac1 Nc5 15. Bxc5 dxc5 16. Qe2 Qa5 17. a3 e6 18. Rd6 Rcd8 19. e5 Rxd6 20. exd6 Rd8 21. Ne4 Bxb2 22. Qxb2 Bxe4 23. Ng5 Bc6 24. Qf6 Rd7 25. Nxe6 fxe6 26. Qxe6+ Kg7 27. Qe5+ Kf7 28. Re1 Qd8 29. Qe6+ Kg7 30. Qe5+ Qf6 31. Qg3 Qxd6 32. Qe3 Rf7 33. Qc3+ Qd4 34. Qg3 h6 35. h4 h5 36.
Re5 Qg4 37. Rg5 Qxg3 38. Rxg3 Rf4 39. Re3 Rxc4 40. Re7+ Kh6 41. Rf7 Rxh4 42. Rf8 Ra4 43. f3 c4 44. Rf4 c3 45. Rf8 c2 46. Rh8+ Kg7 0-1

[Event "*** Titled Tuesday Blitz"]
[Site "Chess.com"]
[Date "2021.04.06"]
[Round "1"]
[White "alejogarcia1999"]
[Black "BahadirOzen"]
[Result "1/2-1/2"]
[WhiteElo "2416"]
[BlackElo "2744"]
[TimeControl "180+1"]
[EndTime "10:07:13 PDT"]
[Termination "Game drawn by repetition"]

1. Nf3 g6 2. g3 Bg7 3. Bg2 d5 4. O-O e5 5. c4 d4 6. d3 a5 7. e3 Ne7 8. exd4 exd4 9. Na3 O-O 10. Nc2 Nbc6 11. Re1 h6 12. a3 Bf5 13. Nh4 Bd7 14.
Rb1 a4 15. b4 axb3 16. Rxb3 Rb8 17. Bd2 g5 18. Nf3 Ng6 19. Nb4 g4 20. Nxc6 Bxc6 21. Nh4 Ba4 22. Nxg6 fxg6 23. Qb1 Bxb3 24. Qxb3 Qf6 25.
Rf1 Kh8 26. Bf4 Qe7 27. Qd1 g5 28. Bc1 Qd7 29. Be4 c6 30. Bd2 Rf6 31. Bb4 Bf8 32.
Qa4 Bxb4 33. Qxb4 Rbf8 34. Qc5 Qd6 35. Qb6 R8f7 36. a4 Kg7 37. a5 h5 38. a6 bxa6 39. Qxa6 h4 40. Qa5 Kh6 41. Qa8 Rf8 42. Qa7 R8f7 43.
Qa8 Kg7 44. Qa5 Kh6 45. Qa8 1/2-1/2

[Event "*** Titled Tuesday Blitz"]
[Site "Chess.com"]
[Date "2021.04.06"]
[Round "1"]
[White "Fischerev7"]
[Black "PolandHussars"]
[Result "0-1"]
[WhiteElo "2289"]
[BlackElo "2598"]
[TimeControl "180+1"]
[EndTime "10:07:14 PDT"]
[Termination "PolandHussars won on time"]

1. e4 e5 2. Bc4 Nf6 3. d3 Bc5 4. Nc3 d6 5. f4 Bg4 6. Nf3 Nc6 7. Na4 Bxf3 8. Qxf3 Nd4 9. Qd1 b5 10. Nxc5 bxc4 11.
Na4 cxd3 12. cxd3 O-O 13. O-O Nd7 14. Nc3 c6 15. Be3 Rb8 16. b3 Qa5 17. Rc1 Nc5 18. fxe5 dxe5 19. Bxd4 exd4 20. Ne2 Ne6 21. Rc2 c5 22.
Ng3 Qc7 23. Qg4 Kh8 24. Rf5 a5 25. Rcf2 a4 26. bxa4 Rb1+ 27. Rf1 Rxf1+ 28. Rxf1 Ra8 29. h4 Kg8 30. h5 h6 31. Nf5 Kh8 32. Nh4 c4 0-1

[Event "*** Titled Tuesday Blitz"]
[Site "Chess.com"]
[Date "2021.04.06"]
[Round "1"]
[White "Zkid"]
[Black "geordie_derraugh"]
[Result "1/2-1/2"]
[WhiteElo "2847"]
[BlackElo "2452"]
[TimeControl "180+1"]
[EndTime "10:07:15 PDT"]
[Termination "Game drawn by repetition"]

1. e4 c5 2. Nf3 e6 3. d4 cxd4 4. Nxd4 Nc6 5. c4 Nf6 6. Nc3 Bb4 7. Nxc6 bxc6 8. e5 Ne4 9. Qd4 Qa5 10. a3 Bxc3+ 11. bxc3 Qxc3+ 12. Qxc3 Nxc3 13. Bd3 Na4 14. Bc2 Nb6 15. c5 Nd5 16. Bd3 Rb8 17. Kd2 f5 18. Kc2 O-O 19. h4 f4 20. h5 Nc7 21. Rh4 f3 22. g3 Ba6 23. Be4 Nd5 24. Rg4 Kh8 25.
Bd2 Be2 26. Rb1 Rxb1 27. Kxb1 Rb8+ 28. Ka2 Rb5 29. Bxd5 cxd5 30. Rb4 Kg8 31. Rxb5 Bxb5 32. h6 gxh6 33. Bxh6 Kf7 34. Kb3 Kg6 35. Bf4 Kf5 36. Kb4 a6 37. Kc3 h5 38. Kd4 h4 39. Ke3 h3 40. g4+ Kxg4 41. Bh2 Be2 42. Bg3 Kf5 43. Bh2 Kg4 44. Bg3 h2 45. Bxh2 Kh3 46. Bg3 Kg4 47.
Bf4 Kf5 48. Bg3 Kg4 49. Kd4 Kf5 50. Ke3 Kg4 1/2-1/2

[Event "*** Titled Tuesday Blitz"]
[Site "Chess.com"]
[Date "2021.04.06"]
[Round "1"]
[White "Camels1981"]
[Black "Gusarov91"]
[Result "1/2-1/2"]
[WhiteElo "2346"]
[BlackElo "2622"]
[TimeControl "180+1"]
[EndTime "10:07:15 PDT"]
[Termination "Game drawn by stalemate"]

1. e4 c6 2. d4 d5 3. exd5 cxd5 4. c4 Nf6 5. Nc3 e6 6. c5 a5 7. Nf3 Be7 8. Bb5+ Bd7 9. Qe2 O-O 10. O-O b6 11. Bxd7 Nfxd7 12. cxb6 Nxb6 13. Bf4 Nc6 14. Rfc1 Bf6 15. Be5 Bxe5 16. dxe5 Qd7 17. Nb5 Rfd8 18. b3 d4 19. Qe4 Rac8 20. Nd6 Rc7 21. Nxd4 Nxd4 22.
Rxc7 Qxc7 23. Qxd4 Nc8 24. Rd1 Ne7 25. Qc4 Qxc4 26. bxc4 Ng6 27. c5 Nxe5 28. Kf1 f6 29. Ke2 Rb8 30. f4 Nc6 31. Rd2 Kf8 32. a4 Ke7 33. Nc4 Rb4 34. Nb6 Rxf4 35. Rd7+ Ke8 36. Rxg7 Rf5 37. Rc7 Rxc5 38. Nd7 Nd4+ 39. Kd3 Rxc7 40.
Nxf6+ Kf7 41. Nxh7 Nb3 42. Ng5+ Ke7 43. h4 Nc5+ 44.
Kc4 Nxa4+ 45. Kb5 Nc3+ 46. Kxa5 Kf6 47. Kb6 Rc4 48. Nf3 Nd5+ 49. Kb5 Rg4 50. Kc5 Rxg2 51. Kd6 Ne3 52. Ng5 Nf5+ 53. Kd7 Rd2+ 54. Ke8 Rd4 55. Kf8 Rxh4 56. Nf7 Ra4 57. Nd8 Ra8 58. Kg8 Rxd8+ 59. Kh7 Re8 1/2-1/2

[Event "*** Titled Tuesday Blitz"]
[Site "Chess.com"]
[Date "2021.04.06"]
[Round "1"]
[White "WiktoriaPOL"]
[Black "PotapovaM"]
[Result "0-1"]
[WhiteElo "2040"]
[BlackElo "2492"]
[TimeControl "180+1"]
[EndTime "10:07:15 PDT"]
[Termination "PotapovaM won by resignation"]

1. e4 c5 2. d4 cxd4 3. c3 dxc3 4. Nxc3 d6 5. Nf3 Nc6 6. Bc4 a6 7. O-O Nf6 8. Qe2 Bg4 9. Rd1 e6 10. Bf4 Nh5 11. Bg3 Nxg3 12. hxg3 Ne5 13. Bb3 Qf6 14. Ba4+ Ke7 15. Qd2 Rd8 16. Nxe5 Qxe5 17. Qe3 Bxd1 18. Rxd1 Qc5 19. Qd3 b5 20. Bb3 g6 21. Nd5+ exd5 22.
exd5 Bg7 23. Re1+ Be5 24. Qf3 f5 25. Qe2 Rhe8 26. Qd2 Kf7 27. Rc1 Qd4 28. Qh6 Kg8 29.
Rc7 Bg7 30. Qg5 Rc8 31. Rxc8 Rxc8 32. Qe7 Qf6 33. Qd7 Rf8 34. a4 bxa4 35. Bxa4 f4 36. g4 f3 37. g3 Qe5 0-1

[Event "*** Titled Tuesday Blitz"]
[Site "Chess.com"]
[Date "2021.04.06"]
[Round "1"]
[White "noblerone"]
[Black "MirMan90"]
[Result "0-1"]
[WhiteElo "2381"]
[BlackElo "2703"]
[TimeControl "180+1"]
[EndTime "10:07:16 PDT"]
[Termination "MirMan90 won by resignation"]

1. d4 g5 2. c4 Bg7 3. Nc3 e6 4.
g3 h6 5. Bg2 Ne7 6. b3 d5 7. Bb2 Nbc6 8. e3 a5 9. a3 b6 10. Nge2 Bb7 11. O-O h5 12. cxd5 exd5 13. Rc1 h4 14. Nb5 Qd7 15. Re1 hxg3 16. hxg3 Rh6 17.
Rc2 O-O-O 18. Qc1 Rdh8 19. Kf1 Rh2 20. Ng1 Kb8 21. a4 g4 22. Ba3 R8h6 23. Bxe7 Qxe7 24. Bxd5 Qd7 25. Be4 f5 26. Bxc6 Rxc6 27. Rxc6 Bxc6 28. Ke2 Bf8 29. Nc3 Bb4 30. Rf1 Qe6 31. Qd2 Qxb3 32. Qd3 Bxc3 33. d5 Bxa4 34. e4 Bb5 35. exf5 Qc2+ 0-1

[Event "*** Titled Tuesday Blitz"]
[Site "Chess.com"]
[Date "2021.04.06"]
[Round "1"]
[White "MoonlighT89"]
[Black "Nemsko"]
[Result "1-0"]
[WhiteElo "2614"]
[BlackElo "2317"]
[TimeControl "180+1"]
[EndTime "10:07:16 PDT"]
[Termination "MoonlighT89 won by resignation"]

1. e4 e5 2. Nf3 Nc6 3. d4 exd4 4. Nxd4 Nf6 5. Nc3 Bc5 6. Nb3 Bb6 7. Qe2 d6 8. Be3 O-O 9. O-O-O Be6 10. f3 Na5 11. Bxb6 axb6 12. Kb1 Nxb3 13. cxb3 Qb8 14. g4 Nd7 15. f4 f6 16. h4 Nc5 17. f5 Bf7 18. Qc2 Nd7 19. Bc4 Ne5 20. Bxf7+ Rxf7 21. g5 Qa7 22. a3 Qa5 23. Rhg1 b5 24. gxf6 Rxf6 25. Nd5 Rf7 26. f6 g6 27. h5 b4 28. hxg6 Nxg6 29. a4 Qc5 30. Ne7+ Kf8 31. Nxg6+ hxg6 32. Qh2 Qh5 33. Qf4 Rh7 34. Rd5 Qh2 35. Qxh2 Rxh2 36. Rxg6 Kf7 37. Rg7+ Kxf6 38. Rxc7 Re8 39. Rxd6+ Ke5 40.
Rb6 Kxe4 41. Rxb4+ Kf3 42. Rbxb7 Ree2 43. Rf7+ Kg4 44. Rg7+ Kf5 45. Rbf7+ Ke4 46. Re7+ Kd5 47. Rxe2 Rxe2 48. Rc7 1-0